 Dungeon Crawl Stone Soup version 0.29-a0-648-g6b26cc9f40 (webtiles) character file.

Game seed: 172339218199357286

1175 DocClef the Fighter (level 8, 0/83 HPs)
             Began as a Minotaur Gladiator on June 20, 2022.
             Slain by Pikel
             ... wielding a +2 whip of freezing
              (6 damage)
             ... on level 5 of the Dungeon.
             The game lasted 00:03:35 (5040 turns).

DocClef the Fighter (Minotaur Gladiator)            Turns: 5040, Time: 00:03:36

Health: 0/83       AC:  9    Str: 21    XL:     8   Next: 18%
Magic:  7/7        EV:  8    Int:  5    God:
Gold:   306        SH:  5    Dex: 12    Spells: 7/7 levels left

rFire   . . .      SeeInvis .   a - +1 war axe
rCold   . . .      Faith    .   (no shield)
rNeg    . . .      Spirit   .   o - +0 chain mail
rPois   .          Reflect  +   c - +0 hat
rElec   .          Harm     .   (no cloak)
rCorr   .          Rampage  .   m - +0 pair of gloves
Will    .....                   (no boots)
Stlth   ..........              q - amulet of reflection
HPRegen 0.23/turn               (no ring)
MPRegen 0.10/turn               (no ring)

@: no status effects
A: horns 2, retaliatory headbutt
a: no special abilities


You were on level 5 of the Dungeon.
You visited 1 branch of the dungeon, and saw 5 of its levels.

You collected 306 gold pieces.

Inventory:

Hand Weapons
 a - a +1 war axe (weapon)
Missiles
 d - 3 throwing nets (quivered)
 e - 7 javelins
Armour
 b - a +0 leather armour
 c - a +0 hat (worn)
 m - a +0 pair of gloves (worn)
 o - a +0 chain mail (worn)
Jewellery
 q - an amulet of reflection (around neck)
Wands
 p - a wand of acid (10)
Scrolls
 h - a scroll of summoning
 k - 3 scrolls of fear
 n - 3 scrolls of identify
Potions
 f - a potion of attraction
 g - 3 potions of curing
 i - a potion of magic
 j - 3 potions of lignification
 l - a potion of mutation


   Skills:
 + Level 11.8 Fighting
 - Level 3.6 Axes
 - Level 2.0 Throwing
 - Level 3.2 Dodging


You had 7 spell levels left.
You didn't know any spells.
Your spell library contained the following spells:

 Spells                   Type           Power      Damage    Failure   Level
 Summon Guardian Golem    Hex/Summ       0%         N/A       100%        3
 Cause Fear               Hex            0%         N/A       100%        4
 Dragon Form              Tmut           0%         N/A       100%        7
 Orb of Destruction       Conj           0%         9d5       100%        7
 Spellforged Servitor     Conj/Summ      0%         N/A       100%        7
 Dragon's Call            Summ           0%         N/A       100%        9


Dungeon Overview and Level Annotations

Branches:
Dungeon (5/15)
 Temple: D:4-7

Altars:
Kikubaaqudgha

Annotations:
D:4 3 runed translucent doors, avis's ghost, amateur DgIE; haplo13's ghost, amateur HOSu
D:5 Pikel


Innate Abilities, Weirdness & Mutations

You have a pair of horns on your head.
You reflexively headbutt those who attack you in melee.


Message History

You closely miss Pikel.
Pikel is almost dead.
You hit the lemure. x3; Pikel closely misses you.
The lemure hits you but does no damage. The lemure barely misses you.
You block the lemure's attack.
Unknown command.
You closely miss Pikel.
Pikel is almost dead.
You hit the lemure. You closely miss the lemure. You hit the lemure.
Pikel hits you with a +2 whip of freezing.
* * * LOW HITPOINT WARNING * * *
Pikel freezes you.
* * * LOW HITPOINT WARNING * * *
The lemure hits you!
* * * LOW HITPOINT WARNING * * *
You block the lemure's attack. The lemure barely misses you.
You hit Pikel but do no damage.
Pikel is almost dead.
You closely miss the lemure. You hit the lemure but do no damage.
You barely miss the lemure.
Pikel says, "I touched Geryon's horn once."
Pikel closely misses you. The lemure hits you but does no damage.
You block the lemure's attack. x2; The lemure barely misses you.
The lemure hits you.
* * * LOW HITPOINT WARNING * * *
Pikel completely misses you. You furiously retaliate!
You headbutt Pikel, but do no damage. The lemure closely misses you.
You hit Pikel.
Pikel is almost dead.
You hit the lemure. You barely miss the lemure. You hit the lemure.
Pikel hits you but does no damage. The lemure closely misses you.
You furiously retaliate!
You headbutt the lemure!
You kill the lemure!
That felt strangely unrewarding.
The lemure barely misses you. The lemure hits you but does no damage.
You miss Pikel. Your headbutt misses Pikel.
Pikel is almost dead.
You barely miss the lemure. You closely miss the lemure.
Pikel hits you with a +2 whip of freezing.
You die...

#.........+..#.....)....
#.........####........#.
........#.# #..#...))#.
........#.# #..#..)....
........#.# ##..#+###.#.
........#+###...........
............+......##..#
......5....##......##...
......5@...##......###.#
.......K#..........###.#
.......5#...............
........#...............
........#...............
........# ..............
.....?..# .........#...
........# ########.#...
#.#...


You could see Pikel and 3 lemures.

Vanquished Creatures
  Sigmund (D:2)
  2 black bears (D:4)
  An ogre (D:4)
  A lemure (D:5)
  A necrophage (D:4)
  2 scorpions (D:4)
  6 hounds
  An orc priest (D:3)
  4 iguanas
  2 orc wizards
  Natasha (thrice) (D:2)
  6 adders
  2 worms (D:2)
  4 dart slugs
  12 orcs
  6 endoplasms
  2 giant cockroaches
  6 goblins
  2 hobgoblins
  2 jackals (D:1)
  4 ball pythons (D:1)
  4 bats
  4 frilled lizards
  10 kobolds
  3 rats
91 creatures vanquished.

Vanquished Creatures (others)
  5 withered plants (D:4)
5 creatures vanquished.

Grand Total: 96 creatures vanquished

Notes
Turn   | Place    | Note
-------+----------+-------------------------------------------
     0 | D:1      | DocClef the Minotaur Gladiator began the quest for the Orb.
     0 | D:1      | Reached XP level 1. HP: 18/18 MP: 0/0
    32 | D:1      | Reached skill level 3 in Fighting
   131 | D:1      | Reached XP level 2. HP: 25/26 MP: 1/1
   177 | D:1      | Noticed a shining eye
   180 | D:1      | Found a faded altar of an unknown god.
   184 | D:1      | Noticed an eye of devastation
   188 | D:1      | Noticed a shining eye
   194 | D:1      | Noticed a great orb of eyes
   386 | D:1      | Reached skill level 4 in Fighting
   723 | D:1      | Reached XP level 3. HP: 32/33 MP: 2/2
  1394 | D:2      | Noticed Sigmund
  1403 | D:2      | Killed Sigmund
  1404 | D:2      | Reached skill level 7 in Fighting
  1404 | D:2      | Reached XP level 4. HP: 25/47 MP: 3/3
  1404 | D:2      | Reached XP level 5. HP: 28/52 MP: 4/4
  1602 | D:2      | Noticed Natasha
  1610 | D:2      | Killed Natasha
  1798 | D:2      | Noticed Natasha
  1801 | D:2      | Killed Natasha
  1840 | D:2      | Noticed Natasha
  1844 | D:2      | Killed Natasha
  1845 | D:2      | Reached XP level 6. HP: 55/61 MP: 5/5
  2267 | D:3      | Found an ancient bone altar of Kikubaaqudgha.
  2503 | D:3      | Reached skill level 8 in Fighting
  3099 | D:4      | Reached skill level 9 in Fighting
  3108 | D:4      | Reached XP level 7. HP: 23/70 MP: 6/6
  3534 | D:4      | Reached skill level 10 in Fighting
  3854 | D:4      | Reached skill level 11 in Fighting
  4031 | D:4      | Reached XP level 8. HP: 69/82 MP: 7/7
  4172 | D:4      | Found a runed translucent gate.
  4172 | D:4      | Found a runed translucent gate.
  4173 | D:4      | Found a runed translucent gate.
  4193 | D:4      | Noticed haplo13's ghost (amateur HOSu)
  4431 | D:4      | Noticed avis's ghost (amateur DgIE)
  4674 | D:5      | Entered Level 5 of the Dungeon
  5023 | D:5      | Noticed Pikel
  5040 | D:5      | Slain by Pikel

Illustrated notes

Levels and vault maps discovered:
D:1:      amcnicky_arrival_flooded_fountain, layout_basic,
          hellmonk_ecumenical_altar_watching_god
D:2:      layout_basic, uniq_sigmund, uniq_natasha
D:3:      layout_basic, mainiacjoe_overflow_24_doors, small_statue_intersection
D:4:      cheibrodos_barr_body, layout_basic, gammafunk_ghost_cemetery
D:5:      dreamdust_elfheim, layout_basic, uniq_eustachio, uniq_ijyb, uniq_pikel

Skill      XL: |  1  2  3  4  5  6  7 |
---------------+----------------------+-----
Fighting       | 3 4 7 9 11 | 11.8
Axes           | |  3.6
Throwing       | |  2.0
Dodging        | |  3.2

Action                   |  1- 3 |  4- 6 |  7- 9 || total
-------------------------+-------+-------+-------++-------
Melee: War axe           |    56 |    59 |    86 ||   201
       Headbutt          |    14 |    14 |    19 ||    47
  Use: Scroll            |     4 |     4 |     2 ||    10
       Potion            |     1 |       |     1 ||     2
 Stab: Sleeping          |     1 |       |       ||     1
Armor: Leather armour    |     9 |     6 |       ||    15
       Chain mail        |       |     9 |    57 ||    66
Dodge: Dodged            |    36 |    43 |    51 ||   130
Block: Other             |       |       |    18 ||    18

Table legend: (Time is in decaauts)
 A = Elapsed time spent in this place.
 B = Non-inter-level travel time spent in this place.
 C = Inter-level travel time spent in this place.
 D = Time resting spent in this place.
 E = Time spent auto-exploring this place.
 F = Levels seen in this place.
 G = Mean time per level.
                   A        B        C        D        E       F      G
               +--------+--------+--------+--------+--------+-----+--------+
         Total |   5103 |   4954 |    149 |    137 |   4246 |   5 | 1020.6 |
       Dungeon |   5103 |   4954 |    149 |    137 |   4246 |   5 | 1020.6 |
               +--------+--------+--------+--------+--------+-----+--------+

Top non-repeatable levels by time:
     D:4: 1692 daAuts
     D:3: 1118 daAuts
     D:1: 1043 daAuts
     D:2: 874 daAuts
     D:5: 373 daAuts
